[Event "Friday 20 April Rapid Engine Tour 12+1 Rounds 9 Starts 1600ST"]
[Site "Infinity Chess"]
[Date "2018.4.20"]
[Round "5"]
[White "angriff"]
[Black "hafaba"]
[Result "1/2-1/2"]
[ECO "C50"]
[WhiteElo "2383"]
[BlackElo "2449"]
[WhiteEngine "DracoREX 3.07 64BIT POPCNT_CTG"]
[BlackEngine "Eman 1.70-beta21 64-bit POPCNT_CTG"]
[EventType "Swiss"]
[WhiteTeam ""]
[BlackTeam ""]
[PlyCount "172"]
[TimeControl "720+1"]

1. e4 e5 2. Nf3 Nc6 3. Bc4 Bc5 4. O-O Nf6 5. d3 d6 6. c3 a5 7. Bg5 Ba7 
8. Nbd2 h6 9. Bh4 g5 10. Bg3 O-O 11. Re1 Nh7 12. h3 g4 13. hxg4 Bxg4 14. Kh1 Qf6 
15. Nf1 Ng5 16. N1h2 Bh5 17. Bh4 Nd8 18. Qd2 Nde6 19. d4 Nf4 20. Qe3 Kh8 
21. g3 Nfh3 22. Kg2 Rae8 23. g4 Nf4+ 24. Kf1 exd4 25. cxd4 Bg6 26. e5 dxe5 
27. dxe5 Bxe3 28. exf6 Bc5 29. Nxg5 hxg5 30. Bxg5 Bd3+ 31. Bxd3 Nxd3 
32. Red1 Nxf2 33. Rd5 Ne4 34. Bh6 Rd8 35. Rad1 Rxd5 36. Rxd5 Re8 37. Bg7+ Kg8 
38. Kg2 Bf8 39. Bxf8 Kxf8 40. g5 a4 41. Nf3 a3 42. b3 Kg8 43. Kh3 Kh7 
44. Kg4 Nd6 45. Re5 Rxe5 46. Nxe5 Kg8 47. Kh4 Kh8 48. Nd7 Kh7 49. Kg4 Ne4 
50. Ne5 Nd6 51. Kf4 Kg8 52. Nd3 Kh7 53. Nc5 Kg6 54. Nd7 Kh7 55. Ne5 Kg8 
56. Nd7 Kh7 57. Kg4 Ne4 58. b4 Nd6 59. Ne5 Kg8 60. Kh4 c6 61. Kh5 Kh7 
62. Kg4 Kh8 63. Kf4 Kh7 64. Kg3 Kg8 65. Nd3 Nc4 66. Kg4 Kh7 67. Kh5 Kg8 
68. Nc5 Nd6 69. Nd7 Kh8 70. g6 fxg6+ 71. Kxg6 Kg8 72. Ne5 Kf8 73. b5 cxb5 
74. Nd3 Nf7 75. Kf5 Nd8 76. Ke5 Kf7 77. Kd4 Kxf6 78. Kc5 Ke6 79. Kxb5 Kd5 
80. Nc5 Kd4 81. Nb3+ Kc3 82. Na5 Kb2 83. Nc4+ Kxa2 84. Kb4 Nc6+ 85. Ka4 b5+ 
86. Kxb5 Ne5 1/2-1/2

[Event "Friday 20 April Rapid Engine Tour 12+1 Rounds 9 Starts 1600ST"]
[Site "Infinity Chess"]
[Date "2018.4.20"]
[Round "5"]
[White "star99"]
[Black "Deep_Impact"]
[Result "1/2-1/2"]
[ECO "D31"]
[WhiteElo "2457"]
[BlackElo "2409"]
[WhiteEngine "Cryptic Heroes 9.4B"]
[BlackEngine "BrainFish_180411_x64_bmi2"]
[EventType "Swiss"]
[WhiteTeam ""]
[BlackTeam ""]
[PlyCount "156"]
[TimeControl "720+1"]

1. d4 d5 2. c4 e6 3. Nc3 c6 4. e4 dxe4 5. Nxe4 Bb4+ 6. Bd2 Qxd4 7. Bxb4 Qxe4+ 
8. Be2 Na6 9. Ba5 b6 10. Qd6 Bd7 11. Bc3 f6 12. Nf3 Nh6 13. Rd1 Rd8 14. Qa3 Bc8 
15. Nd2 Qf4 16. Bh5+ Nf7 17. O-O c5 18. Qa4+ Ke7 19. Rfe1 Ng5 20. Re3 Rd6 
21. Rde1 Rhd8 22. a3 Qh4 23. Qd1 g6 24. Bg4 f5 25. Bf3 f4 26. Re5 Nxf3+ 
27. gxf3 h6 28. Qe2 Kf8 29. Ne4 Rd3 30. Rd5 R8xd5 31. cxd5 Rxd5 32. Nf6 Rg5+ 
33. Kh1 Nc7 34. Nh7+ Kf7 35. Nxg5+ Qxg5 36. b4 Bb7 37. h3 Qh5 38. Kh2 Qxf3 
39. Qxf3 Bxf3 40. Be5 Nd5 41. bxc5 bxc5 42. Rc1 a6 43. Rxc5 g5 44. Rc6 Be2 
45. Ba1 Bb5 46. Rc8 Kg6 47. Rf8 Kh5 48. Rb8 Kg6 49. Rg8+ Kh5 50. Rb8 Ne7 
51. Rb6 Bc4 52. a4 Kg6 53. Bb2 Kf5 54. f3 Ng6 55. Kg2 Nh4+ 56. Kf2 h5 57. a5 Bd5 
58. Rxa6 Nxf3 59. Rd6 Be4 60. Rd8 g4 61. hxg4+ hxg4 62. Rf8+ Kg5 63. Rg8+ Kf5 
64. Rf8+ Kg5 65. a6 g3+ 66. Kg2 Nd4+ 67. Kh3 Ne2 68. Rg8+ Kh5 69. Rh8+ Kg6 
70. a7 f3 71. a8=Q Bxa8 72. Rxa8 g2 73. Rg8+ Kf5 74. Kh2 g1=Q+ 75. Rxg1 Nxg1 
76. Kxg1 e5 77. Kf2 e4 78. Bc3 e3+ 1/2-1/2

[Event "Friday 20 April Rapid Engine Tour 12+1 Rounds 9 Starts 1600ST"]
[Site "Infinity Chess"]
[Date "2018.4.20"]
[Round "5"]
[White "RonWeasley"]
[Black "Time_bandit"]
[Result "1/2-1/2"]
[ECO "D21"]
[WhiteElo "2454"]
[BlackElo "2457"]
[WhiteEngine "BrainFish 180418_CTG"]
[BlackEngine "asmFishW_2018-04-11_bmi2"]
[EventType "Swiss"]
[WhiteTeam ""]
[BlackTeam ""]
[PlyCount "219"]
[TimeControl "720+1"]

1. d4 d5 2. c4 dxc4 3. Nf3 e6 4. e3 Nf6 5. Bxc4 a6 6. O-O c5 7. b3 b5 
8. Be2 Nbd7 9. Nbd2 Bb7 10. a4 b4 11. Nc4 Be7 12. a5 cxd4 13. Nxd4 O-O 
14. Bb2 Nc5 15. Rc1 Rb8 16. Bf3 Qc7 17. Bxb7 Qxb7 18. Qc2 Rfd8 19. Rfd1 Nfd7 
20. f3 Rbc8 21. Rd2 Nf6 22. Rcd1 Qb8 23. Nb6 Rc7 24. Nc4 Rdc8 25. Nb6 Rd8 
26. Nc4 Rdc8 27. Nb6 Rf8 28. Rc1 Rd8 29. Qd1 Qb7 30. Rc4 Bf8 31. Rcc2 Nfd7 
32. Nc4 Qb8 33. h3 h6 34. Rc1 Nf6 35. Kh1 Nd5 36. Ne2 Rcd7 37. Bd4 Qb5 
38. Qc2 Ne7 39. f4 Nf5 40. Kh2 Qb7 41. Rdd1 g6 42. Qb1 h5 43. Nb6 Rc7 
44. Kh1 Nd7 45. Nc4 Rcc8 46. Kh2 Be7 47. Rd3 Nc5 48. Bxc5 Bxc5 49. Rcd1 Qc7 
50. e4 Nd6 51. Ne5 Qxa5 52. Nd4 Qb6 53. Ndc6 Rxc6 54. Nxc6 Qxc6 55. e5 Qe4 
56. Rf1 Bd4 57. exd6 Rxd6 58. Kh1 Qc6 59. Qd1 Qb6 60. Re1 Bc5 61. Rxd6 Bxd6 
62. Re4 Kf8 63. Rc4 Ke7 64. Qe1 Kd7 65. Qg1 Qb7 66. Qa1 Ke7 67. Qa5 Qb8 
68. Qg5+ Kf8 69. Rd4 Qc7 70. f5 exf5 71. Rc4 Qb8 72. Qf6 Kg8 73. Rd4 Bf8 
74. Rd8 Qc7 75. Qd4 Qe7 76. Kh2 Qc7+ 77. Kg1 a5 78. Kh1 Qe7 79. Kh2 Kh7 
80. Rd7 Qe8 81. Rd8 Qe7 82. Rd7 Qe8 83. Qd5 Kh6 84. Rd8 Qe7 85. Rd7 Qf6 
86. Qd2+ g5 87. h4 Qe5+ 88. g3 f6 89. Rd5 Qe4 90. hxg5+ fxg5 91. Qd3 Qxd3 
92. Rxd3 h4 93. gxh4 gxh4 94. Rd5 Kg5 95. Kh3 Bg7 96. Rxa5 Bc3 97. Rb5 Kf4 
98. Kxh4 Be1+ 99. Kh3 Bd2 100. Ra5 Ke4 101. Ra1 f4 102. Rb1 f3 103. Rf1 Kf4 
104. Ra1 Ke3 105. Ra7 f2 106. Kg2 f1=Q+ 107. Kxf1 Kd3 108. Ra2 Kc3 109. Ke2 Bc1 
110. Ra1 1/2-1/2

[Event "Friday 20 April Rapid Engine Tour 12+1 Rounds 9 Starts 1600ST"]
[Site "Infinity Chess"]
[Date "2018.4.20"]
[Round "5"]
[White "CrapCleaner"]
[Black "MarioDeMonti"]
[Result "1/2-1/2"]
[ECO "C50"]
[WhiteElo "2462"]
[BlackElo "2484"]
[WhiteEngine "komodo-11.3.1-64bit-BMI2_CTG"]
[BlackEngine "stockfish_x64_bmi2_2018_02_18_CTG"]
[EventType "Swiss"]
[WhiteTeam ""]
[BlackTeam ""]
[PlyCount "74"]
[TimeControl "720+1"]

1. e4 e5 2. Nf3 Nc6 3. Bc4 Bc5 4. O-O Nf6 5. d3 d6 6. c3 O-O 7. h3 a5 8. Nbd2 h6 
9. Re1 Be6 10. Bb5 Qb8 11. Nf1 Qa7 12. Re2 a4 13. Ng3 Qa5 14. Bxc6 bxc6 
15. Nh4 Rfe8 16. Re1 d5 17. exd5 Nxd5 18. Nhf5 Qb6 19. Qf3 Nf4 20. d4 Bf8 
21. dxe5 Ng6 22. Qh5 Ra5 23. Nd4 Bc5 24. Qd1 Rd8 25. Bd2 Raa8 26. Be3 Qxb2 
27. Ne4 Bb6 28. Qf3 Nxe5 29. Qg3 Bxd4 30. Bxd4 Ng6 31. Nc5 Bxa2 32. h4 h5 
33. Nd3 Qd2 34. Red1 Qe2 35. Re1 Qd2 36. Red1 Qe2 37. Re1 Qd2 1/2-1/2

[Event "Friday 20 April Rapid Engine Tour 12+1 Rounds 9 Starts 1600ST"]
[Site "Infinity Chess"]
[Date "2018.4.20"]
[Round "5"]
[White "Seliga"]
[Black "SkyPilot"]
[Result "1/2-1/2"]
[ECO "C55"]
[WhiteElo "2471"]
[BlackElo "2484"]
[WhiteEngine "AsmFish A13_CTG"]
[BlackEngine "stockfish_x64_bmi2_2018_04_07_CTG"]
[EventType "Swiss"]
[WhiteTeam ""]
[BlackTeam ""]
[PlyCount "143"]
[TimeControl "720+1"]

1. e4 e5 2. Nf3 Nc6 3. Bc4 Nf6 4. d3 Bc5 5. c3 d6 6. Bg5 h6 7. Bh4 a5 8. Nbd2 g5 
9. Bg3 O-O 10. a4 Nh5 11. Nf1 g4 12. Ng1 Qf6 13. Qc2 Be6 14. h3 gxh3 
15. Nxh3 Bxc4 16. dxc4 Qg6 17. O-O-O Rae8 18. Bh4 Qg4 19. g3 f5 20. Nd2 Ng7 
21. Rdg1 Rf7 22. Kb1 Ref8 23. Qd3 Re8 24. Rg2 Ne6 25. exf5 Qxf5 26. Qxf5 Rxf5 
27. g4 Rff8 28. Ne4 Kg7 29. g5 h5 30. Nf6 Kg6 31. Bg3 Re7 32. Bh2 Ng7 33. f4 Nf5 
34. fxe5 dxe5 35. Nd5 Ne3 36. Nxe7+ Bxe7 37. Rf2 Rxf2 38. Nxf2 Bxg5 39. Ne4 Bf4 
40. Bg1 Nxc4 41. Kc2 Ne7 42. b4 Nf5 43. bxa5 Ng3 44. Nxg3 Bxg3 45. Kd3 Nxa5 
46. Bh2 Bxh2 47. Rxh2 Kg5 48. Re2 Kf4 49. Rh2 Kg5 50. Rf2 Kg4 51. Rg2+ Kf3 
52. Rg5 e4+ 53. Kc2 b6 54. Rxh5 c6 55. Rf5+ Ke2 56. Rf6 e3 57. Rh6 b5 
58. axb5 cxb5 59. Ra6 Nc4 60. Ra1 Nd2 61. Ra8 Kf2 62. Re8 Nc4 63. Re6 e2 
64. Rf6+ Ke3 65. Re6+ Kf2 66. Rf6+ Ke1 67. Kc1 Ne3 68. Rf8 b4 69. cxb4 Nc4 
70. b5 Ne5 71. b6 Nd3+ 72. Kc2 1/2-1/2

[Event "Friday 20 April Rapid Engine Tour 12+1 Rounds 9 Starts 1600ST"]
[Site "Infinity Chess"]
[Date "2018.4.20"]
[Round "5"]
[White "Marsell"]
[Black "Harry_Potter"]
[Result "1/2-1/2"]
[ECO "C53"]
[WhiteElo "2475"]
[BlackElo "2497"]
[WhiteEngine "BrainFish_180418_x64_bmi2"]
[BlackEngine "Stockfish_x64_bmi2_CTG"]
[EventType "Swiss"]
[WhiteTeam ""]
[BlackTeam ""]
[PlyCount "87"]
[TimeControl "720+1"]

1. e4 e5 2. Nf3 Nc6 3. Bc4 Bc5 4. c3 Nf6 5. d3 d6 6. O-O a5 7. Bg5 Ba7 
8. Nbd2 h6 9. Bh4 g5 10. Bg3 O-O 11. a3 Rb8 12. a4 Kg7 13. Re1 Ng8 14. h3 Nge7 
15. Bb5 Be6 16. Qe2 f5 17. exf5 Nxf5 18. Bh2 Bf7 19. Ne4 Kh7 20. Kh1 Bg6 
21. Qd2 Ng7 22. d4 Rxf3 23. gxf3 Qf8 24. f4 d5 25. Nc5 Bxc5 26. dxc5 exf4 
27. Qxd5 Rd8 28. Qg2 Nf5 29. Rad1 Nh4 30. Qg4 Bf5 31. Qe2 Rxd1 32. Rxd1 Bxh3 
33. Bxc6 bxc6 34. Rd3 Bf5 35. Rd1 Qxc5 36. Rd8 Kg7 37. b4 axb4 38. cxb4 Qxb4 
39. Qe5+ Kg6 40. Qe8+ Kf6 41. Qh8+ Kg6 42. Qe8+ Kf6 43. Qh8+ Kg6 44. Qe8+ 
1/2-1/2

[Event "Friday 20 April Rapid Engine Tour 12+1 Rounds 9 Starts 1600ST"]
[Site "Infinity Chess"]
[Date "2018.4.20"]
[Round "4"]
[White "Deep_Impact"]
[Black "angriff"]
[Result "1/2-1/2"]
[ECO "C50"]
[WhiteElo "2410"]
[BlackElo "2382"]
[WhiteEngine "BrainFish_180411_x64_bmi2"]
[BlackEngine "DracoREX 3.07 64BIT POPCNT_CTG"]
[EventType "Swiss"]
[WhiteTeam ""]
[BlackTeam ""]
[PlyCount "192"]
[TimeControl "720+1"]

1. e4 e5 2. Nf3 Nc6 3. Bc4 Bc5 4. O-O Nf6 5. d3 d6 6. c3 O-O 7. Re1 a5 
8. Nbd2 Ba7 9. h3 Be6 10. Bb5 Ne7 11. d4 Ng6 12. Ba4 Nh5 13. Nf1 Nhf4 
14. Bc2 exd4 15. cxd4 Qc8 16. Bxf4 Nxf4 17. Qd2 Ng6 18. a4 Qd8 19. Ng3 Bb6 
20. Ra3 Rc8 21. Rc3 Qf6 22. Nh5 Qe7 23. Ng5 Bd7 24. Rg3 d5 25. exd5 Qb4 
26. Rd1 Qxd2 27. Rxd2 Rcd8 28. Bb3 Bc8 29. Re3 h6 30. Nf3 Rfe8 31. Bc4 Rf8 
32. b3 Rfe8 33. Rde2 Rf8 34. Kf1 Rd6 35. Re1 Rdd8 36. Kg1 Kh7 37. Re4 Bd7 
38. R4e2 Bc8 39. Re4 Bf5 40. R4e3 Bc8 41. R3e2 Kg8 42. Kh2 Kh7 43. Rd1 Kg8 
44. Re3 Kh8 45. Kg1 Kh7 46. Kh2 Kg8 47. Rc1 Kh7 48. Rd1 Kg8 49. Rd2 Rfe8 
50. Rde2 Rf8 51. Kg1 Bf5 52. Ng3 Bc8 53. Nh5 Bf5 54. Re1 Bc8 55. Kh2 Ba7 
56. Re4 Bf5 57. R4e2 Bc8 58. Rd1 Bb6 59. Rd3 Rd6 60. Rdd2 Rfd8 61. Re3 c6 
62. dxc6 bxc6 63. Ng3 Kf8 64. Ne2 f6 65. Rd1 Ne7 66. Kg1 Nd5 67. Bxd5 Rxd5 
68. Rc1 Bd7 69. g4 Re8 70. Kf1 Rb8 71. Rd3 Kf7 72. Nd2 h5 73. f3 hxg4 
74. fxg4 g5 75. Nc4 Bc8 76. Rdc3 Bd7 77. Rd3 Bc8 78. Rdc3 Bd7 79. Ke1 Bd8 
80. Kd2 Be6 81. Rf1 c5 82. Rd3 Bc7 83. Rff3 Bc8 84. Nc3 Rxd4 85. Nd5 Rxd3+ 
86. Rxd3 Be5 87. Kc2 Ke6 88. Nxa5 Ba6 89. Rd2 Rc8 90. Nc4 Bxc4 91. bxc4 Rb8 
92. Re2 Rb2+ 93. Kd1 Rb1+ 94. Kc2 Rb2+ 95. Kd1 Rb1+ 96. Kc2 Rb2+ 1/2-1/2

[Event "Friday 20 April Rapid Engine Tour 12+1 Rounds 9 Starts 1600ST"]
[Site "Infinity Chess"]
[Date "2018.4.20"]
[Round "4"]
[White "hafaba"]
[Black "OlivierEvan"]
[Result "1/2-1/2"]
[ECO "B90"]
[WhiteElo "2452"]
[BlackElo "2377"]
[WhiteEngine "Eman 1.70-beta21 64-bit POPCNT_CTG"]
[BlackEngine "Houdini 6"]
[EventType "Swiss"]
[WhiteTeam ""]
[BlackTeam ""]
[PlyCount "141"]
[TimeControl "720+1"]

1. e4 c5 2. Nf3 d6 3. d4 cxd4 4. Nxd4 Nf6 5. Nc3 a6 6. Be3 e5 7. Nb3 Be7 
8. Be2 O-O 9. O-O Be6 10. Qd3 Nc6 11. a3 Rc8 12. Nd5 Nd7 13. Qd2 h6 14. Rfd1 Bg5 
15. Bxg5 Qxg5 16. Qxg5 hxg5 17. h3 Rfd8 18. Bg4 Nf6 19. f3 Nxg4 20. hxg4 b5 
21. Kf2 f6 22. Ne3 Kf7 23. Rd3 Bxb3 24. cxb3 Nd4 25. Rad1 Rd7 26. R1d2 g6 
27. Nd5 Rc1 28. Nb4 a5 29. Na2 Ra1 30. Nc3 b4 31. axb4 axb4 32. Ne2 Nxe2 
33. Kxe2 Rg1 34. Kf2 Rc1 35. Rd5 Ke6 36. Rb5 Rdc7 37. Rb6 R7c6 38. Rxb4 R6c2 
39. Rxc2 Rxc2+ 40. Kg3 Rxb2 41. Rb6 Rd2 42. b4 f5 43. b5 fxe4 44. fxe4 Rb2 
45. Rb7 Rb4 46. Kf3 Rb3+ 47. Ke2 Rb2+ 48. Kd3 Rb3+ 49. Kd2 Rb2+ 50. Kc3 Re2 
51. Kd3 Rxg2 52. Rg7 Kf6 53. Rg8 Rb2 54. Kc4 Rb1 55. Rb8 Ke6 56. Re8+ Kf7 
57. Ra8 Kf6 58. Ra3 Ke6 59. Rb3 Rc1+ 60. Kd3 Kd7 61. Ra3 Rb1 62. Ra7+ Ke6 
63. Kc4 Rb2 64. Ra3 Kd7 65. Ra6 Rb1 66. Ra3 Kc7 67. Ra7+ Kb6 68. Ra6+ Kc7 
69. Ra7+ Kb6 70. Ra6+ Kc7 71. Ra7+ 1/2-1/2

[Event "Friday 20 April Rapid Engine Tour 12+1 Rounds 9 Starts 1600ST"]
[Site "Infinity Chess"]
[Date "2018.4.20"]
[Round "4"]
[White "ocirema"]
[Black "RonWeasley"]
[Result "1/2-1/2"]
[ECO "C11"]
[WhiteElo "2436"]
[BlackElo "2455"]
[WhiteEngine "asmFishW_2018-04-15_popcnt_CTG"]
[BlackEngine "BrainFish 180418_CTG"]
[EventType "Swiss"]
[WhiteTeam ""]
[BlackTeam ""]
[PlyCount "128"]
[TimeControl "720+1"]

1. e4 e6 2. d4 d5 3. Nc3 Nf6 4. e5 Nfd7 5. f4 c5 6. Nf3 Nc6 7. Be3 cxd4 
8. Nxd4 Qb6 9. Qd2 Qxb2 10. Rb1 Qa3 11. Bb5 Nxd4 12. Bxd4 a6 13. Bxd7+ Bxd7 
14. Rb3 Qe7 15. Rxb7 Rc8 16. O-O Qd8 17. f5 exf5 18. Qd3 Bc5 19. Bxc5 Rxc5 
20. Nxd5 Bc8 21. Re7+ Kf8 22. Qa3 Qa5 23. Qxa5 Rxa5 24. Rc7 Be6 25. Nf4 Rxe5 
26. Nxe6+ Rxe6 27. Rxf5 Re7 28. Rc8+ Re8 29. Rfc5 Ke7 30. R8c6 g6 31. Kf2 Ra8 
32. Rc7+ Kf6 33. Rc3 Kg7 34. Rf3 Rhf8 35. Kg3 Rad8 36. a4 Rd2 37. h4 a5 
38. Kh3 Kg8 39. Rc5 Ra8 40. h5 Rd1 41. Rf4 Ra7 42. g4 Kg7 43. Re4 f6 44. Kg3 Ra1 
45. Rec4 Kh6 46. Kf2 Ra3 47. hxg6 hxg6 48. Ke1 Rd7 49. Rxa5 Re3+ 50. Kf2 Rde7 
51. Rb5 Re2+ 52. Kg1 R7e3 53. a5 Rd2 54. Rf4 Rxc2 55. Rxf6 Rg3+ 56. Kf1 Rxg4 
57. Rbb6 Ra2 58. a6 Rgg2 59. a7 Rgc2 60. Rxg6+ Kh7 61. Rh6+ Kg7 62. Rhg6+ Kh7 
63. Rh6+ Kg7 64. Rhg6+ Kh7 1/2-1/2

[Event "Friday 20 April Rapid Engine Tour 12+1 Rounds 9 Starts 1600ST"]
[Site "Infinity Chess"]
[Date "2018.4.20"]
[Round "4"]
[White "CrapCleaner"]
[Black "star99"]
[Result "1/2-1/2 "]
[ECO "B30"]
[WhiteElo "2462"]
[BlackElo "2457"]
[WhiteEngine "komodo-11.3.1-64bit-BMI2_CTG"]
[BlackEngine "Cryptic Heroes 9.4B"]
[EventType "Swiss"]
[WhiteTeam ""]
[BlackTeam ""]
[PlyCount "187"]
[TimeControl "720+1"]

1. e4 c5 2. Nf3 Nc6 3. Nc3 g6 4. d4 cxd4 5. Nxd4 Bg7 6. Be3 Nf6 7. Bc4 O-O 
8. Bb3 d6 9. f3 Bd7 10. Qd2 Rc8 11. O-O-O Nxd4 12. Bxd4 b5 13. a3 a5 14. Rhe1 b4 
15. axb4 axb4 16. Na2 Be6 17. Bxe6 fxe6 18. Qxb4 Kf7 19. Rd3 Rb8 20. Qd2 Nd7 
21. Ra3 Ra8 22. Rxa8 Qxa8 23. Bxg7 Kxg7 24. Kb1 Qa7 25. Re3 Ne5 26. Rc3 Qg1+ 
27. Nc1 Qxh2 28. Rc7 Kf6 29. f4 Ng4 30. Nd3 Qg1+ 31. Qc1 Qxg2 32. e5+ dxe5 
33. fxe5+ Kf7 34. b3 Nf2 35. Qd2 Qg1+ 36. Nc1 Nh3 37. Rc3 Ng5 38. Kb2 h6 
39. Rc7 Qh1 40. Qb4 Re8 41. Nd3 Qf1 42. Ra7 Qf5 43. Qd2 Qe4 44. Ra4 Qc6 
45. Rc4 Qd5 46. Qc3 Kg7 47. Nf4 Qb5 48. Qd4 Kh7 49. Nd3 Qd5 50. Qe3 Nf7 
51. Rf4 Kg7 52. Rd4 Qh1 53. Nf4 Ra8 54. Ra4 Rxa4 55. bxa4 Qc6 56. Qa7 g5 
57. Nd3 g4 58. Qxe7 Qb6+ 59. Ka3 Qc6 60. Nc5 Kg8 61. Kb2 Nxe5 62. Nxe6 Nc4+ 
63. Kb3 Na5+ 64. Kb4 Qb6+ 65. Kc3 Qe3+ 66. Kb2 Qe5+ 67. Kb1 Nc4 68. Qe8+ Kh7 
69. Qe7+ Kg6 70. Nf8+ Kf5 71. Qf7+ Kg5 72. Nh7+ Kh4 73. Qxc4 Qe7 74. Qd3 Qb4+ 
75. Kc1 Qe1+ 76. Kb2 Qb4+ 77. Ka2 Qxa4+ 78. Kb1 Qf4 79. Qd8+ Kg3 80. Nf6 Kh3 
81. Qd3+ g3 82. Nd5 Qf2 83. Qc3 Kh2 84. Ne3 h5 85. Qe5 Qf3 86. Qd4 g2 
87. Qh4+ Kg1 88. Qg5 Kf2 89. Nxg2 Qxg2 90. Qxh5 Qg1+ 91. Kb2 Qg7+ 92. c3 Qb7+ 
93. Kc1 Qb3 94. Qe5 1/2-1/2

[Event "Friday 20 April Rapid Engine Tour 12+1 Rounds 9 Starts 1600ST"]
[Site "Infinity Chess"]
[Date "2018.4.20"]
[Round "4"]
[White "Time_bandit"]
[Black "Seliga"]
[Result "1/2-1/2"]
[ECO "C77"]
[WhiteElo "2456"]
[BlackElo "2472"]
[WhiteEngine "asmFishW_2018-04-11_bmi2"]
[BlackEngine "AsmFish A13_CTG"]
[EventType "Swiss"]
[WhiteTeam ""]
[BlackTeam ""]
[PlyCount "106"]
[TimeControl "720+1"]

1. e4 e5 2. Nf3 Nc6 3. Bb5 a6 4. Ba4 Nf6 5. O-O Be7 6. Re1 b5 7. Bb3 O-O 
8. c3 d5 9. exd5 Nxd5 10. Nxe5 Nxe5 11. Rxe5 c6 12. d4 Bd6 13. Re1 Qh4 
14. g3 Qh3 15. Be3 Be6 16. Qf3 a5 17. Qg2 Qxg2+ 18. Kxg2 Rfe8 19. Bd1 a4 
20. Bf3 a3 21. b3 Bd7 22. Bd2 Rxe1 23. Bxe1 Bf5 24. Nd2 Nxc3 25. Nf1 Nd5 
26. Bxd5 cxd5 27. Ne3 Bg6 28. Rc1 Re8 29. Bd2 f6 30. f3 Bb8 31. Re1 Ba7 
32. Nxd5 Rxe1 33. Bxe1 Bxd4 34. Ne7+ Kf7 35. Nxg6 Kxg6 36. Bb4 Bb2 37. h3 Kf5 
38. g4+ Ke5 39. Kf2 f5 40. gxf5 Kxf5 41. Bd6 Ke6 42. Bf8 g6 43. Bb4 h5 
44. Ke3 Kf5 45. Be7 g5 46. Bd6 h4 47. Kd3 Bf6 48. Bxa3 Kf4 49. Bb4 Kxf3 
50. a4 g4 51. hxg4 h3 52. Bd6 bxa4 53. bxa4 Kxg4 1/2-1/2

[Event "Friday 20 April Rapid Engine Tour 12+1 Rounds 9 Starts 1600ST"]
[Site "Infinity Chess"]
[Date "2018.4.20"]
[Round "4"]
[White "SkyPilot"]
[Black "Marsell"]
[Result "1/2-1/2"]
[ECO "C55"]
[WhiteElo "2484"]
[BlackElo "2475"]
[WhiteEngine "stockfish_x64_bmi2_2018_04_07_CTG"]
[BlackEngine "BrainFish_180418_x64_bmi2"]
[EventType "Swiss"]
[WhiteTeam ""]
[BlackTeam ""]
[PlyCount "111"]
[TimeControl "720+1"]

1. e4 e5 2. Nf3 Nc6 3. Bc4 Nf6 4. d3 Bc5 5. c3 d6 6. O-O O-O 7. h3 a6 8. Re1 Ba7 
9. a4 h6 10. Nbd2 Nh5 11. Nf1 Qf6 12. Ne3 Nf4 13. Ng4 Qg6 14. Bxf4 exf4 
15. d4 Bxg4 16. hxg4 Qxg4 17. a5 Rae8 18. b4 Ne7 19. b5 axb5 20. Bxb5 c6 
21. Bd3 Qe6 22. Rb1 Rb8 23. Bc2 b5 24. Qd3 g6 25. Bb3 Qg4 26. Nh2 Qh4 
27. Nf3 Qg4 28. Bd1 Rbc8 29. Nh2 Qh4 30. a6 Rc7 31. Qd2 Rd8 32. Be2 d5 
33. Nf3 Qf6 34. exd5 Rxd5 35. c4 Rd8 36. Rec1 bxc4 37. Bxc4 Rcd7 38. Rb7 Nf5 
39. Rxd7 Rxd7 40. Qxf4 Kg7 41. Bd3 Nxd4 42. Qxf6+ Kxf6 43. Nxd4 Rxd4 
44. Rxc6+ Kg5 45. Bc4 Rf4 46. Kf1 Rxf2+ 47. Ke1 Rc2 48. Kd1 Rxg2 49. Bxf7 Kf5 
50. Bd5 Rg1+ 51. Kc2 Bd4 52. Bf7 h5 53. Be6+ Ke4 54. Bf7 h4 55. Rxg6 Rxg6 
56. Bxg6+ 1/2-1/2

[Event "Friday 20 April Rapid Engine Tour 12+1 Rounds 9 Starts 1600ST"]
[Site "Infinity Chess"]
[Date "2018.4.20"]
[Round "4"]
[White "MarioDeMonti"]
[Black "Harry_Potter"]
[Result "1/2-1/2"]
[ECO "C53"]
[WhiteElo "2483"]
[BlackElo "2498"]
[WhiteEngine "stockfish_x64_bmi2_2018_02_18_CTG"]
[BlackEngine "Stockfish_x64_bmi2_CTG"]
[EventType "Swiss"]
[WhiteTeam ""]
[BlackTeam ""]
[PlyCount "59"]
[TimeControl "720+1"]

1. e4 e5 2. Nf3 Nc6 3. Bc4 Bc5 4. c3 Nf6 5. d3 d6 6. O-O O-O 7. h3 a5 
8. Nbd2 Be6 9. Bb5 h6 10. Re1 Qb8 11. Nf1 Qa7 12. Ne3 a4 13. Re2 Rfd8 
14. Nf5 Bxf5 15. exf5 Bb6 16. Bxc6 bxc6 17. Nh2 Re8 18. Ng4 Nxg4 19. hxg4 Qa6 
20. g3 f6 21. Kg2 Kf7 22. Re1 d5 23. Qf3 Rad8 24. g5 hxg5 25. Bxg5 fxg5 
26. Qh5+ Kf8 27. Qh8+ Kf7 28. Qh5+ Kf8 29. Qh8+ Kf7 30. Qh5+ 1/2-1/2

[Event "Friday 20 April Rapid Engine Tour 12+1 Rounds 9 Starts 1600ST"]
[Site "Infinity Chess"]
[Date "2018.4.20"]
[Round "3"]
[White "OlivierEvan"]
[Black "Deep_Impact"]
[Result "1/2-1/2"]
[ECO "D31"]
[WhiteElo "2376"]
[BlackElo "2411"]
[WhiteEngine "Houdini 6"]
[BlackEngine "BrainFish_180411_x64_bmi2"]
[EventType "Swiss"]
[WhiteTeam ""]
[BlackTeam ""]
[PlyCount "102"]
[TimeControl "720+1"]

1. d4 d5 2. c4 e6 3. Nc3 c6 4. e4 dxe4 5. Nxe4 Bb4+ 6. Nc3 c5 7. a3 Ba5 
8. Be3 Ne7 9. Nge2 cxd4 10. Qxd4 O-O 11. Qe4 Nbc6 12. Rd1 Qe8 13. b4 Bc7 
14. Nb5 Bb8 15. Bc5 e5 16. Nd6 Bxd6 17. Bxd6 Bf5 18. Qf3 Rd8 19. c5 b6 
20. g4 Bc2 21. Rd2 Ba4 22. Bg2 bxc5 23. bxc5 Na5 24. Qc3 Nb3 25. Rb2 Nxc5 
26. Qxc5 Nc8 27. O-O Rxd6 28. Rb8 Rb6 29. Rb1 Bd1 30. R8xb6 axb6 31. Qe3 Bc2 
32. Rc1 Bg6 33. Nc3 Qe6 34. h3 Ne7 35. Re1 f6 36. f4 Bf7 37. fxe5 f5 38. Qf4 Be8 
39. gxf5 Rxf5 40. Qd4 Rg5 41. Kh2 Bd7 42. Re2 Rh5 43. Nd5 Nc6 44. Qd2 Rxe5 
45. Rf2 Rf5 46. Rxf5 Qxf5 47. Nxb6 Qe5+ 48. Kh1 Qa1+ 49. Kh2 Qe5+ 50. Kh1 Qa1+ 
51. Kh2 Qe5+ 1/2-1/2

[Event "Friday 20 April Rapid Engine Tour 12+1 Rounds 9 Starts 1600ST"]
[Site "Infinity Chess"]
[Date "2018.4.20"]
[Round "3"]
[White "ocirema"]
[Black "hafaba"]
[Result "1/2-1/2"]
[ECO "C55"]
[WhiteElo "2435"]
[BlackElo "2453"]
[WhiteEngine "asmFishW_2018-04-15_popcnt_CTG"]
[BlackEngine "Eman 1.70-beta21 64-bit POPCNT_CTG"]
[EventType "Swiss"]
[WhiteTeam ""]
[BlackTeam ""]
[PlyCount "139"]
[TimeControl "720+1"]

1. e4 e5 2. Nf3 Nc6 3. Bc4 Nf6 4. d3 Bc5 5. c3 O-O 6. a4 a5 7. O-O d6 8. Bg5 h6 
9. Bh4 g5 10. Bg3 Kg7 11. Nbd2 Ba7 12. Nb3 Be6 13. Nbd2 Bc8 14. Re1 Ng8 
15. h3 Nge7 16. Ra3 Rb8 17. d4 exd4 18. Nxd4 Nxd4 19. cxd4 Bxd4 20. Rd3 Nc6 
21. Nf3 Bc5 22. e5 Bf5 23. exd6 cxd6 24. Rxd6 Bxd6 25. Bxd6 Qf6 26. Bxb8 Rd8 
27. Qb3 Rxb8 28. Re3 b6 29. g4 Bb1 30. Qb5 Bg6 31. Qb3 Nd4 32. Nxd4 Qxd4 
33. Bd3 Rd8 34. Bxg6 Kxg6 35. Rf3 Rd5 36. Qc2+ Kg7 37. Kg2 Rd6 38. Qb3 Rd5 
39. Kg1 Rd7 40. Kg2 Qc5 41. Kh2 Qc7+ 42. Kg1 Rd6 43. Qe3 Rd1+ 44. Kg2 Rc1 
45. b3 Qc6 46. Qd4+ f6 47. Qd3 Rc2 48. Kg3 Rc1 49. Kh2 Rc2 50. Kg2 Rc5 
51. Kg3 Rc2 52. Qd8 Rc1 53. Qe7+ Kg6 54. Qf8 Qe6 55. Re3 Qc8 56. Qxc8 Rxc8 
57. h4 Kf7 58. f3 Rc5 59. Kh3 f5 60. hxg5 fxg4+ 61. Kxg4 Rxg5+ 62. Kf4 Rc5 
63. Re5 Kf6 64. Rxc5 bxc5 65. Kg4 Kg6 66. Kh4 Kf5 67. Kh5 Kf4 68. Kxh6 Kxf3 
69. Kg6 Ke3 70. Kf6 1/2-1/2

[Event "Friday 20 April Rapid Engine Tour 12+1 Rounds 9 Starts 1600ST"]
[Site "Infinity Chess"]
[Date "2018.4.20"]
[Round "3"]
[White "RonWeasley"]
[Black "star99"]
[Result "1/2-1/2"]
[ECO "D12"]
[WhiteElo "2455"]
[BlackElo "2457"]
[WhiteEngine "BrainFish 180418_CTG"]
[BlackEngine "Cryptic Heroes 9.4B"]
[EventType "Swiss"]
[WhiteTeam ""]
[BlackTeam ""]
[PlyCount "151"]
[TimeControl "720+1"]

1. d4 d5 2. c4 c6 3. Nf3 Nf6 4. e3 Bf5 5. Nc3 e6 6. Nh4 Be4 7. f3 Bg6 
8. Nxg6 hxg6 9. Qb3 Qc7 10. Bd2 a6 11. c5 Nbd7 12. O-O-O b6 13. cxb6 Nxb6 
14. Kb1 Rb8 15. Qc2 Qb7 16. Rc1 Bd6 17. h4 O-O 18. g4 Rfc8 19. h5 g5 20. Ka1 c5 
21. Bd3 cxd4 22. exd4 e5 23. Bxg5 exd4 24. h6 dxc3 25. b3 Be5 26. Rce1 Qc7 
27. hxg7 Kxg7 28. Bh6+ Kg8 29. g5 Ne4 30. fxe4 Nc4 31. g6 fxg6 32. Bc1 Qa5 
33. exd5 Nd2 34. Rxe5 Nxb3+ 35. Qxb3 Rxb3 36. Rg5 Rb6 37. d6 Qxg5 38. Bxg5 Rxd6 
39. Bc2 Rdc6 40. Kb1 Kg7 41. Bh6+ Kf6 42. Rf1+ Ke7 43. Bg5+ Kd6 44. Kc1 Rc5 
45. Rf6+ Ke5 46. Rf3 Kd6 47. Bf4+ Ke7 48. Re3+ Kf6 49. Rg3 g5 50. Be3 Rd5 
51. Rg4 Ra5 52. a4 Re8 53. Bd4+ Kf7 54. Bxc3 Rc5 55. Rg3 Rb8 56. Rf3+ Ke7 
57. Kd2 Rc4 58. Re3+ Kf7 59. Kd3 Rg4 60. Rf3+ Ke7 61. Bg7 Rb7 62. Re3+ Kf7 
63. Be5 Rbb4 64. Bc3 Rb8 65. Ba5 Rh4 66. Rf3+ Rf4 67. Rg3 Rb2 68. Bd1 Ra2 
69. Bb3+ Kg6 70. Bxa2 Rxa4 71. Bb3 Rxa5 72. Rg1 g4 73. Rxg4+ Kf6 74. Rd4 Kg5 
75. Kc3 Ra1 76. Kb4 1/2-1/2